 Dungeon Crawl Stone Soup version 0.21.1-1-g345015fe64 (webtiles) character file.

14 MadFisi the Grave Robber (level 2, -3/13 HPs)
             Began as a Vine Stalker Necromancer on Mar 24, 2018.
             Slain by a leopard gecko (4 damage)
             ... on level 1 of the Dungeon.
             The game lasted 00:05:19 (459 turns).

MadFisi the Grave Robber (Vine Stalker Necromancer)  Turns: 459, Time: 00:05:20

Health: -3/13      AC:  2    Str: 10    XL:     2   Next: 41%
Magic:  0/6        EV: 12    Int: 15    God:
Gold:   15         SH:  0    Dex: 14    Spells: 3/5 levels left

rFire    . . .     SeeInvis .   i - +0 hunting sling
rCold    . . .     Gourm    .   (no shield)
rNeg     . . .     Faith    .   a - +0 robe
rPois    .         Spirit   +   (no helmet)
rElec    .         Reflect  .   (no cloak)
rCorr    .         Harm     .   (no gloves)
MR       .....                  (no boots)
Stlth    ++........             (no amulet)
HPRegen  0.04/turn              (no ring)
MPRegen  0.10/turn              (no ring)

@: no status effects
A: fangs 2, magic shield, antimagic bite, no potion heal 3, rot immunity
a: no special abilities


You were on level 1 of the Dungeon.
You were not hungry.

You visited 1 branch of the dungeon, and saw 1 of its levels.

You collected 15 gold pieces.

Inventory:

Hand Weapons
 i - a +0 hunting sling (weapon)
Missiles
 e - 36 arrows
 k - 26 stones (quivered)
Armour
 a - a +0 robe (worn)
 d - a +0 ring mail
Scrolls
 h - a scroll of immolation {unknown}
 j - a scroll of teleportation {unknown}
Potions
 f - 2 potions of lignification {unknown}
 g - a potion of might {unknown}
Books
 b - a book of Necromancy

   Spells                             Type                      Level
   a - Pain                           Necromancy                   1
   b - Animate Skeleton               Necromancy                   1
   c - Vampiric Draining              Necromancy                   3
   d - Regeneration                   Charms/Necromancy            3
   e - Animate Dead                   Necromancy                   4
   f - Borgnjor's Vile Clutch         Necromancy/Earth             5
Comestibles
 c - 2 rations


   Skills:
 + Level 1.7 Dodging
 + Level 2.6 Stealth
 + Level 2.2 Spellcasting
 + Level 4.4 Necromancy


You had 3 spell levels left.
You knew the following spells:

 Your Spells              Type           Power        Failure   Level  Hunger
a - Pain                  Necr           ##..         3%          1    #......
b - Animate Skeleton      Necr           N/A          3%          1    #......


Dungeon Overview and Level Annotations

Branches:
Dungeon (1/15)

Altars:
Okawaru


Innate Abilities, Weirdness & Mutations

You have extremely sharp teeth.
When hurt, damage is shared between your health and your magic reserves.
Your bite disrupts and absorbs the magic of your enemies.
Potions cannot restore your health.
You are immune to rotting.


Message History

The hobgoblin misses you.
The teleport trap disappears.
The hobgoblin disappears!
The leopard gecko barely misses you. The hobgoblin misses you.
The leopard gecko misses you. The hobgoblin barely misses you.
The leopard gecko bites you. The hobgoblin hits you with a club.
* * * LOW HITPOINT WARNING * * *
The leopard gecko barely misses you.
Found a stone staircase leading down.
The leopard gecko bites you.
* * * LOW HITPOINT WARNING * * *
Casting: Pain
Confirm with . or Enter, or press ? or * to list all spells.
You don't have enough magic to cast that spell.
Sorry, you're not good enough to have a special ability.
The leopard gecko barely misses you.
There is a stone staircase leading down here.
You can't go up here!
The leopard gecko bites you.
You die...

.#.#####.........#
.#...............#
.###.###.........#
###.## ##.......#
##.## ##.....##
#.## ##...## .##
##.## ##
#.#######.#
#..gl@....#
###########


You could see a leopard gecko and a hobgoblin.

Vanquished Creatures
  2 leopard geckos (D:1)
  A ball python (D:1)
  2 goblins (D:1)
  3 hobgoblins (D:1)
  A bat (D:1)
  A rat (D:1)
  2 toadstools (D:1)
12 creatures vanquished.

Vanquished Creatures (others)
  2 toadstools (D:1)
2 creatures vanquished.

Grand Total: 14 creatures vanquished

Notes
Turn   | Place    | Note
-------+----------+-------------------------------------------
     0 | D:1      | MadFisi the Vine Stalker Necromancer began the quest for the Orb.
     0 | D:1      | Reached XP level 1. HP: 9/9 MP: 4/4
   270 | D:1      | Reached XP level 2. HP: 8/13 MP: 3/6
   280 | D:1      | Learned a level 1 spell: Animate Skeleton
   308 | D:1      | Found an iron altar of Okawaru.
   459 | D:1      | Slain by a leopard gecko

Action                   || total
-------------------------++-------
Melee: Unarmed           ||     6
       Bite              ||     1
 Cast: Pain              ||    16
Armor: Robe              ||     2
Dodge: Dodged            ||    17
